 Dungeon Crawl Stone Soup version 0.23.1 (webtiles) character file.

Game seed: 2788733060866819783

48 Descartes the Grasshopper (level 3, 0/18 HPs)
             Began as a Vine Stalker Warper on Mar 4, 2019.
             Succumbed to an adder's poison
             ... on level 2 of the Dungeon.
             The game lasted 00:02:57 (1755 turns).

Descartes the Grasshopper (Vine Stalker Warper)     Turns: 1755, Time: 00:02:57

Health: 0/18       AC:  3    Str: 13    XL:     3   Next: 72%
Magic:  7/7        EV: 14    Int: 13    God:
Gold:   52         SH:  0    Dex: 14    Spells: 5/7 levels left

rFire    . . .     SeeInvis .     - Unarmed
rCold    . . .     Gourm    .   (no shield)
rNeg     . . .     Faith    .   a - +0 leather armour
rPois    .         Spirit   +   (no helmet)
rElec    .         Reflect  .   (no cloak)
rCorr    .         Harm     .   (no gloves)
MR       .....                  (no boots)
Stlth    ++........             (no amulet)
HPRegen  0.06/turn              g - +2 ring of evasion
MPRegen  0.10/turn              (no ring)

@: lethally poisoned (0 -> -3)
A: fangs 2, magic shield, antimagic bite, no potion heal 3, rot immunity
a: no special abilities


You were on level 2 of the Dungeon.
You were not hungry.

You visited 1 branch of the dungeon, and saw 2 of its levels.

You collected 52 gold pieces.

Inventory:

Hand Weapons
 q - a +0 hunting sling
Missiles
 d - 5 tomahawks of dispersal (quivered)
 i - 34 bolts
 n - 20 arrows
 r - 30 stones
Armour
 a - a +0 leather armour (worn)
Jewellery
 g - a +2 ring of evasion (left hand)
Scrolls
 b - 2 scrolls of remove curse {unknown}
 c - 2 scrolls of blinking
 e - 2 scrolls of fear {unknown}
 h - a scroll of noise {unknown}
 j - 2 scrolls of identify {unknown}
 o - a scroll of teleportation {unknown}
Potions
 k - a potion of haste {unknown}
 l - a potion of degeneration {unknown}
 m - a potion of lignification {unknown}
 p - a potion of ambrosia {unknown}
Comestibles
 f - 2 rations


   Skills:
 + Level 2.0 Fighting
 - Level 0.8 Throwing
 - Level 0.7 Armour
 + Level 1.8 Dodging
 * Level 2.1 Stealth
 * Level 2.6 Unarmed Combat
 + Level 2.5 Spellcasting
 * Level 3.0 Translocations


You had 5 spell levels left.
You knew the following spells:

 Your Spells              Type           Power        Failure   Level  Hunger
a - Blink                 Tloc           N/A          13%         2    ###....

Your spell library contained the following spells:

 Spells                   Type           Power        Failure   Level  Hunger
 Shroud of Golubria       Chrm/Tloc      #.........   24%         2    ###....
 Gell's Gravitas          Tloc           #.........   26%         3    ###....
 Lesser Beckoning         Tloc           #.........   26%         3    ###....
 Teleport Other           Tloc           #.......     26%         3    ###....
 Passage of Golubria      Tloc           N/A          65%         4    #####..


Dungeon Overview and Level Annotations

Branches:
Dungeon (2/15)

Altars:


Innate Abilities, Weirdness & Mutations

You have extremely sharp teeth.
When hurt, damage is shared between your health and your magic reserves.
Your bite disrupts and absorbs the magic of your enemies.
Potions cannot restore your health.
You are immune to rotting.


Message History

You completely miss the adder.
The adder is almost dead.
* * * LOW HITPOINT WARNING * * *
You feel sick. The adder barely misses you.
You hit the adder.
You kill the adder!
* * * LOW HITPOINT WARNING * * *
You feel sick.
You see here an adder corpse.
You butcher the adder corpse.
Things that are here:
a chunk of flesh; an adder skeleton
There is a lethal amount of poison in your body!
There is a lethal amount of poison in your body!
There is a lethal amount of poison in your body!
* * * LOW HITPOINT WARNING * * *
You feel sick.
* * * LOW HITPOINT WARNING * * *
You feel sick.
You die...

#.....#####..# .##
#....)#####..# #..
#<.....÷.##..# ...
#............##.#..
#.................#
#####......)..##
#..)......# #
#.....^...###.#
#..........@..#
#.........#...##
..[....#.##.#...#
###.##.#.#........
#. #...........♣♣
#. ###.#...≈♣≈♣♣
.#.≈♣♣♣♣≈ #≈≈ ≈≈


There were no monsters in sight!

Vanquished Creatures
  An adder (D:2)
  4 dart slugs (D:1)
  2 leopard geckos
  A giant cockroach (D:1)
  3 goblins
  5 hobgoblins (D:1)
  8 bats (D:1)
  A frilled lizard (D:1)
  A kobold (D:1)
  6 rats
32 creatures vanquished.

Notes
Turn   | Place    | Note
-------+----------+-------------------------------------------
     0 | D:1      | Descartes the Vine Stalker Warper began the quest for the
                  | Orb.
     0 | D:1      | Reached XP level 1. HP: 11/11 MP: 4/4
   520 | D:1      | Reached skill level 1 in Stealth
   520 | D:1      | Reached XP level 2. HP: 15/15 MP: 6/6
   984 | D:1      | Reached XP level 3. HP: 17/18 MP: 5/7
  1193 | D:1      | Learned a level 2 spell: Blink
  1755 | D:2      | Succumbed to an adder's poison

Skill      XL: |  1  2  3 |
---------------+----------+-----
Stealth        | 1 2 |  2.1
Fighting       | 2 |  2.0
Throwing       | |  0.8
Armour         | |  0.7
Dodging        | |  1.8
Unarmed Combat | |  2.6
Spellcasting   | |  2.5
Translocations | |  3.0

Action                   || total
-------------------------++-------
Melee: Unarmed           ||   143
       Bite              ||    30
 Stab: Sleeping          ||     2
  Eat: Chunk             ||     3
Armor: Leather armour    ||    43
Dodge: Dodged            ||    88
